[Event "ICC tourney 3289 (30 10)"]
[Site "Internet Chess Club"]
[Date "2023.09.23"]
[Round "1"]
[White "Volkov, Sergey:Volkov"]
[Black "Stevens, Adam Benjamin:adambenstevens"]
[Result "1-0"]
[ICCResult "Black resigns"]
[WhiteElo "2514"]
[BlackElo "1904"]
[Opening "QGD Slav defense"]
[ECO "D10"]
[NIC "SL.01"]
[Time "12:00:16"]
[PlyCount "41"]
[TimeControl "1800+10"]

1. d4 d5 2. c4 c6 3. e3 Nf6 4. Nc3 Bf5 5. cxd5 cxd5 6. Qb3 Nc6 7. Qxb7 Bd7
8. Qb3 Rb8 9. Qd1 e5 10. Nf3 Bd6 11. Be2 O-O 12. O-O Qa5 13. a3 e4 14. Nd2
Ne7 15. g3 g6 16. b4 Bxb4 17. Nb3 Qc7 18. axb4 Qxc3 19. Rxa7 Qxb4 20. Ba3
Qb6 21. Ra6 {Black resigns} 1-0

[Event "ICC tourney 3289 (30 10)"]
[Site "Internet Chess Club"]
[Date "2023.09.23"]
[Round "1"]
[White "HONG, HUNTER:hunterhong"]
[Black "Meng, Joshua:jmichess"]
[Result "0-1"]
[ICCResult "White checkmated"]
[WhiteElo "1476"]
[BlackElo "2038"]
[Opening "Giuoco Piano"]
[ECO "C54"]
[NIC "IG.02"]
[Time "12:00:14"]
[PlyCount "76"]
[TimeControl "1800+10"]

1. e4 e5 2. Nf3 Nc6 3. Bc4 Bc5 4. c3 Nf6 5. d4 exd4 6. cxd4 Bb4+ 7. Bd2
Bxd2+ 8. Nbxd2 d5 9. exd5 Nxd5 10. Qb3 Na5 11. Qa4+ c6 12. O-O Nxc4 13. Nxc4
b5 14. Rfe1+ Ne7 15. Qa5 bxc4 16. Qxd8+ Kxd8 17. Ne5 Be6 18. Rac1 Kc7 19.
Nxc4 Rhd8 20. Red1 Nf5 21. Ne5 Nxd4 22. Kf1 Bxa2 23. Rc3 f6 24. Nd3 Nb5 25.
Rc2 Bb3 26. Rcd2 Bxd1 27. Rxd1 Rd4 28. Ke2 Rad8 29. b3 Nc3+ 30. Kd2 Nxd1 31.
Kxd1 Rxd3+ 32. Ke2 Rd2+ 33. Ke1 Ra2 34. g3 Rdd2 35. h4 Re2+ 36. Kf1 Rxf2+
37. Kg1 Rfb2 38. Kf1 Ra1# {White checkmated} 0-1

[Event "ICC tourney 3289 (30 10)"]
[Site "Internet Chess Club"]
[Date "2023.09.23"]
[Round "1"]
[White "Singhvi, Armaan:PawnsRule"]
[Black "Belous, Vladimir:Openyagami"]
[Result "0-1"]
[ICCResult "White resigns"]
[WhiteElo "1949"]
[BlackElo "2603"]
[Opening "Sicilian: Labourdonnais-Löwenthal (Kalashnikov) variation"]
[ECO "B32"]
[NIC "SI.32"]
[Time "12:03:11"]
[PlyCount "52"]
[TimeControl "1800+10"]

1. e4 c5 2. Nf3 Nc6 3. d4 cxd4 4. Nxd4 e5 5. Nb5 d6 6. N1c3 a6 7. Na3 b5 8.
Nd5 Nge7 9. c4 Nxd5 10. exd5 Nd4 11. cxb5 g6 12. Bc4 Bg7 13. O-O O-O 14. Be3
Nf5 15. Bd2 e4 16. Bc3 Bxc3 17. bxc3 Qg5 18. Kh1 Nh4 19. Rg1 f5 20. b6 f4
21. Qd4 e3 22. fxe3 fxe3 23. Raf1 Rxf1 24. Bxf1 Nf5 25. Qa4 Ng3+ 26. hxg3
Bg4 {White resigns} 0-1

[Event "ICC tourney 3289 (30 10)"]
[Site "Internet Chess Club"]
[Date "2023.09.23"]
[Round "1"]
[White "DEMCHENKO, ANTON:Falstaf"]
[Black "LYNN, BENNETT:ben622"]
[Result "1-0"]
[ICCResult "Black resigns"]
[WhiteElo "2669"]
[BlackElo "2017"]
[Opening "Caro-Kann: advance variation"]
[ECO "B12"]
[NIC "CK.04"]
[Time "12:01:08"]
[PlyCount "55"]
[TimeControl "1800+10"]

1. e4 c6 2. d4 d5 3. e5 Bf5 4. Bd3 Bxd3 5. Qxd3 e6 6. c3 Nd7 7. Ne2 Ne7 8.
O-O c5 9. Nd2 Nc6 10. a3 Qb6 11. b4 cxd4 12. cxd4 a6 13. Nb3 g6 14. h4 Be7
15. h5 gxh5 16. Bd2 O-O-O 17. Rfc1 Kb8 18. Rab1 Ka8 19. Nc3 Rdg8 20. b5
Ncxe5 21. dxe5 Nxe5 22. Qe2 Nc4 23. bxa6 Qxa6 24. Nxd5 exd5 25. Qxe7 Qg6 26.
g3 Qd3 27. Bf4 Re8 28. Qxb7+ {Black resigns} 1-0

[Event "ICC tourney 3289 (30 10)"]
[Site "Internet Chess Club"]
[Date "2023.09.23"]
[Round "1"]
[White "DENG, MICHAEL:K03-16811908"]
[Black "Yang, Daniel:danielbest"]
[Result "0-1"]
[ICCResult "White resigns"]
[WhiteElo "1735"]
[BlackElo "2101"]
[Opening "Sicilian: Najdorf, Opocensky variation"]
[ECO "B92"]
[NIC "SI.10"]
[Time "12:00:14"]
[PlyCount "62"]
[TimeControl "1800+10"]

1. e4 c5 2. Nf3 d6 3. d4 cxd4 4. Nxd4 Nf6 5. Nc3 a6 6. Be2 e5 7. Nb3 Be6 8.
O-O Be7 9. Be3 Nbd7 10. Qd3 O-O 11. Nd5 Bxd5 12. exd5 Ne8 13. c4 f5 14. f3
g6 15. Rac1 Bg5 16. Bxg5 Qxg5 17. c5 Nxc5 18. Nxc5 dxc5 19. Rxc5 Nd6 20.
Rfc1 e4 21. fxe4 fxe4 22. Qh3 Qf5 23. Qg3 Qf6 24. Bg4 Qd4+ 25. Kh1 Qxc5 26.
Be6+ Kg7 27. Qg5 Rae8 28. g4 Qd4 29. Qh4 Nf7 30. g5 Qe5 31. Rg1 e3
{White resigns}
0-1

[Event "ICC tourney 3289 (30 10)"]
[Site "Internet Chess Club"]
[Date "2023.09.23"]
[Round "1"]
[White "LIANG, YU-CHENG:Yucheng"]
[Black "MARCHENKO, VITALIY:KingPawn23"]
[Result "1-0"]
[ICCResult "Black resigns"]
[WhiteElo "2213"]
[BlackElo "1816"]
[Opening "QGD: Orthodox defense, Bd3 line"]
[ECO "D66"]
[NIC "QO.13"]
[Time "12:01:10"]
[PlyCount "121"]
[TimeControl "1800+10"]

1. d4 d5 2. c4 e6 3. Nc3 Nf6 4. Bg5 Be7 5. Nf3 c6 6. e3 Nbd7 7. Rc1 O-O 8.
Bd3 Re8 9. O-O dxc4 10. Bxc4 Nd5 11. Bxe7 Qxe7 12. Qb3 N5b6 13. Bd3 e5 14.
Qc2 h6 15. a4 Nd5 16. Nxd5 cxd5 17. dxe5 Nxe5 18. Nxe5 Qxe5 19. Qc3 Qg5 20.
Kh1 Bd7 21. Qd4 Bc6 22. Rc3 a6 23. Rfc1 f5 24. b4 Bxa4 25. Qxd5+ Kh8 26.
Qxb7 Qf6 27. Qd5 Rab8 28. Qxf5 Qxf5 29. Bxf5 Rxb4 30. Bg6 Rf8 31. Rc8 Rb8
32. Rxf8+ Rxf8 33. Bd3 Bb5 34. Bxb5 axb5 35. Kg1 b4 36. Kf1 b3 37. Rb1 Rb8
38. Ke2 Rb5 39. Kd3 Rf5 40. f3 Rh5 41. h3 Rg5 42. g4 Rb5 43. Kc4 Ra5 44.
Rxb3 Ra2 45. f4 Rh2 46. e4 g6 47. Kd5 Kg7 48. Ke6 Rf2 49. f5 gxf5 50. gxf5
Re2 51. e5 h5 52. f6+ Kh7 53. f7 Rf2 54. Ke7 Kg7 55. Rg3+ Kh7 56. f8=Q Rxf8
57. Kxf8 h4 58. Rg4 Kh6 59. e6 Kh5 60. e7 Kh6 61. e8=Q {Black resigns} 1-0

[Event "ICC tourney 3289 (30 10)"]
[Site "Internet Chess Club"]
[Date "2023.09.23"]
[Round "1"]
[White "KOEHL, EVAN:MacAndSneeze"]
[Black "SYED, TAIMOOR:containedplay"]
[Result "1-0"]
[ICCResult "Black resigns"]
[WhiteElo "2051"]
[BlackElo "1540"]
[Opening "Sicilian: Nimzovich-Rossolimo attack (without ...d6)"]
[ECO "B30"]
[NIC "SI.31"]
[Time "12:00:21"]
[PlyCount "93"]
[TimeControl "1800+10"]

1. e4 c5 2. Nf3 Nc6 3. Bb5 d6 4. O-O e5 5. c3 Bg4 6. Qe2 Qf6 7. d3 Ne7 8.
Be3 Bxf3 9. Qxf3 Qxf3 10. gxf3 Ng6 11. d4 O-O-O 12. Bxc6 bxc6 13. dxc5 dxc5
14. Nd2 Kc7 15. a4 a5 16. Nc4 Ra8 17. Rad1 Be7 18. Rd3 Rhd8 19. Rfd1 Rxd3
20. Rxd3 f6 21. Kg2 Nf4+ 22. Bxf4 exf4 23. Kh3 h5 24. e5 fxe5 25. Nxe5 Rd8
26. Rxd8 Bxd8 27. Nd3 Kd6 28. Nxf4 Bg5 29. Nxh5 Bc1 30. b3 c4 31. bxc4 Bh6
32. Ng3 Kc5 33. Nf5 Bd2 34. Nxg7 Kxc4 35. Ne6 Bxc3 36. f4 Kd5 37. f5 c5 38.
Kg4 c4 39. Nf4+ Ke4 40. f3+ Ke5 41. f6 Bb4 42. f7 Kd4 43. h4 Ke5 44. Kg5 c3
45. Nd3+ Ke6 46. Nxb4 Kxf7 47. Nc2 {Black resigns} 1-0

[Event "ICC tourney 3289 (30 10)"]
[Site "Internet Chess Club"]
[Date "2023.09.23"]
[Round "1"]
[White "CHAMPSI, IMRAN:imranchamp"]
[Black "ZHAO, DANSON:K01-30127679"]
[Result "1-0"]
[ICCResult "Black checkmated"]
[WhiteElo "2077"]
[BlackElo "1636"]
[Opening "English opening"]
[ECO "A05"]
[NIC "QP.11"]
[Time "12:01:10"]
[PlyCount "255"]
[TimeControl "1800+10"]

1. Nf3 Nf6 2. c4 g6 3. Nc3 d6 4. b3 c5 5. Bb2 Bg7 6. e3 Nc6 7. d4 Bf5 8. Bd3
Bxd3 9. Qxd3 O-O 10. O-O a6 11. d5 Nb8 12. Rfe1 Nbd7 13. h3 Qc7 14. Rad1
Rad8 15. e4 Ne5 16. Nxe5 dxe5 17. Qg3 Nh5 18. Qf3 e6 19. dxe6 fxe6 20. Qe3
Nf4 21. Ne2 b6 22. Ng3 Bh6 23. Qc3 Bg7 24. Qc2 h5 25. Rxd8 Rxd8 26. Rd1 Kf7
27. Ne2 Rxd1+ 28. Qxd1 Nxe2+ 29. Qxe2 Qd6 30. Bc3 Bf6 31. Qd2 Qxd2 32. Bxd2
Ke7 33. f3 Kd6 34. Kf2 Bd8 35. Ke2 Bh4 36. g4 Bf6 37. Kd3 hxg4 38. fxg4 g5
39. Ke2 Ke7 40. Kf3 Kf7 41. h4 gxh4 42. g5 Be7 43. Kg4 h3 44. Kxh3 Kg6 45.
Kg4 Bd6 46. a3 a5 47. Bc3 Bc7 48. b4 axb4 49. axb4 Bd6 50. bxc5 bxc5 51. Ba5
Bb8 52. Bd8 Bd6 53. Bf6 Bf8 54. Bxe5 Be7 55. Bf4 Bf8 56. Bc7 Be7 57. Bb6
Bxg5 58. Bxc5 Bf6 59. Bd6 Kf7 60. Kh5 Ke8 61. Kg6 Bd8 62. Bc5 Kd7 63. Kf7
Bc7 64. Bb4 Bd8 65. Kg6 Kc6 66. Kh5 Bc7 67. Kg4 Be5 68. Kf3 Bc7 69. Ke2 Be5
70. Kd3 Kd7 71. Bc3 Bd6 72. Bd4 Kc6 73. Bf2 Be5 74. Ke2 Bd6 75. Kf3 Be5 76.
Kg4 Bf6 77. Kh5 Be7 78. Kg6 Kd6 79. Kf7 Kd7 80. Bb6 Bh4 81. Bd4 Bd8 82. Bf6
Bb6 83. Be7 Bc7 84. Bb4 Bd8 85. Kg6 Kc6 86. Kh5 Bc7 87. Kg4 Be5 88. Kf3 Bc7
89. Ke3 Be5 90. Kd3 Bc7 91. Kd4 Bb8 92. Be7 Bc7 93. Kc3 Kd7 94. Bf6 Kc6 95.
Bd4 Bd6 96. Kb3 Bc7 97. Kb4 Bd6+ 98. Ka5 Bc7+ 99. Ka6 Bb8 100. Be3 Bd6 101.
Ka5 Bc7+ 102. Kb4 Bd6+ 103. Kc3 Be5+ 104. Bd4 Bd6 105. Kd3 Be7 106. Ke2 Bd6
107. Kf3 Bc7 108. e5 Bd8 109. Kg4 Be7 110. Kh5 Bc5 111. Bxc5 Kxc5 112. Kg6
Kxc4 113. Kf7 Kd5 114. Kf6 Kc6 115. Kxe6 Kc7 116. Kf7 Kd8 117. e6 Kc8 118.
e7 Kd7 119. e8=Q+ Kd6 120. Qe6+ Kc5 121. Qd7 Kb4 122. Ke6 Kb3 123. Qd4 Ka2
124. Qb4 Ka1 125. Kd5 Ka2 126. Kc4 Ka1 127. Kc3 Ka2 128. Qb2# {Black
checkmated} 1-0

[Event "ICC tourney 3289 (30 10)"]
[Site "Internet Chess Club"]
[Date "2023.09.23"]
[Round "2"]
[White "IVANOV, ALEXANDER:marble"]
[Black "KOEHL, EVAN:MacAndSneeze"]
[Result "1-0"]
[ICCResult "Black resigns"]
[WhiteElo "2466"]
[BlackElo "2051"]
[Opening "Caro-Kann: advance variation"]
[ECO "B12"]
[NIC "CK.02"]
[Time "14:00:28"]
[PlyCount "41"]
[TimeControl "1800+10"]

1. e4 c6 2. d4 d5 3. e5 c5 4. dxc5 e6 5. a3 Bxc5 6. b4 Bb6 7. Qg4 Kf8 8. Nf3
Ne7 9. Bd3 Qc7 10. O-O Nbc6 11. Bb2 Bd7 12. Nbd2 a6 13. c4 Ba7 14. Rac1 Rd8
15. b5 Nb8 16. cxd5 Qa5 17. Nb3 Qb6 18. Bd4 exd5 19. e6 Qxd4 20. Nbxd4 fxe6
21. Nxe6+ {Black resigns} 1-0

[Event "ICC tourney 3289 (30 10)"]
[Site "Internet Chess Club"]
[Date "2023.09.23"]
[Round "2"]
[White "Belous, Vladimir:Openyagami"]
[Black "CHAMPSI, IMRAN:imranchamp"]
[Result "1-0"]
[ICCResult "Black checkmated"]
[WhiteElo "2603"]
[BlackElo "2077"]
[Opening "QGD Slav: exchange variation"]
[ECO "D12"]
[NIC "EO.64"]
[Time "14:00:34"]
[PlyCount "97"]
[TimeControl "1800+10"]

1. c4 c6 2. Nf3 Nf6 3. d4 d5 4. e3 Bf5 5. cxd5 cxd5 6. Nc3 e6 7. Ne5 Nbd7 8.
g4 Bg6 9. h4 h6 10. Nxg6 fxg6 11. Bd3 Bb4 12. Bxg6+ Ke7 13. Bd2 Bd6 14. Nb5
Qb6 15. Nxd6 Qxd6 16. Qf3 Rhf8 17. Qg2 e5 18. g5 hxg5 19. hxg5 Ne8 20. Bc2
exd4 21. exd4 Rc8 22. Bb3 Nc7 23. a3 Rce8 24. O-O-O Kd8 25. Kb1 Qb6 26. Bb4
Rf4 27. Ka2 Rxd4 28. Ba5 Qxa5 29. Rxd4 Nb6 30. Qg3 Qc5 31. Rdd1 a5 32. Rc1
Qe7 33. Rhe1 Qd7 34. Rxc7 Rxe1 35. Rxd7+ Nxd7 36. Bxd5 a4 37. Bxb7 g6 38.
Bc6 Kc8 39. Bxa4 Re2 40. Bxd7+ Kd8 41. Qb8+ Ke7 42. Qe8+ Kd6 43. Qxe2 Kc7
44. Qd3 Kd8 45. Qxg6 Ke7 46. Bb5 Kf8 47. Qf6+ Kg8 48. Bc4+ Kh7 49. Qh6#
{Black checkmated}
1-0

[Event "ICC tourney 3289 (30 10)"]
[Site "Internet Chess Club"]
[Date "2023.09.23"]
[Round "2"]
[White "MARCHENKO, VITALIY:KingPawn23"]
[Black "SYED, TAIMOOR:containedplay"]
[Result "0-1"]
[ICCResult "White resigns"]
[WhiteElo "1816"]
[BlackElo "1540"]
[Opening "Sicilian: Grand Prix attack"]
[ECO "B21"]
[NIC "SI.48"]
[Time "14:00:43"]
[PlyCount "82"]
[TimeControl "1800+10"]

1. e4 c5 2. f4 Nc6 3. Nf3 d6 4. d4 cxd4 5. Nxd4 Bd7 6. Be2 e5 7. Nf3 Nf6 8.
Nc3 Qa5 9. O-O Qb4 10. Nd5 Nxd5 11. Qxd5 Be6 12. Qb5 Qxb5 13. Bxb5 f6 14. f5
Bf7 15. Rd1 O-O-O 16. Be3 Kb8 17. c4 Na5 18. b3 Be7 19. Rd3 b6 20. a3 Rc8
21. Rc1 Kb7 22. Nd2 Rc7 23. b4 Nc6 24. c5 dxc5 25. bxc5 Nd4 26. c6+ Kb8 27.
Bxd4 exd4 28. Nf3 Rd8 29. e5 Bc5 30. e6 Bh5 31. Rxc5 bxc5 32. Rb3 Ka8 33. h3
Bxf3 34. gxf3 Rb8 35. Bc4 Rxb3 36. Bxb3 a5 37. Bd5 Kb8 38. Kf2 Re7 39. Ke2
Kc7 40. Kd3 Kd6 41. f4 Kxd5 {White resigns} 0-1

[Event "ICC tourney 3289 (30 10)"]
[Site "Internet Chess Club"]
[Date "2023.09.23"]
[Round "2"]
[White "LYNN, BENNETT:ben622"]
[Black "CHINNI, RISHABH:alphachesplayer"]
[Result "0-1"]
[ICCResult "White resigns"]
[WhiteElo "2017"]
[BlackElo "2025"]
[Opening "Ruy Lopez: closed, 7...O-O"]
[ECO "C88"]
[NIC "RL.17"]
[Time "14:00:46"]
[PlyCount "64"]
[TimeControl "1800+10"]

1. e4 e5 2. Nf3 Nc6 3. Bb5 a6 4. Ba4 Nf6 5. O-O Be7 6. Re1 b5 7. Bb3 O-O 8.
h3 Bb7 9. c3 d5 10. exd5 Nxd5 11. Nxe5 Nxe5 12. Rxe5 Nf4 13. d4 Nxg2 14. d5
Nh4 15. c4 Ng6 16. Re1 Bc5 17. Be3 Bxe3 18. Rxe3 Qd6 19. Nc3 bxc4 20. Bxc4
Rfe8 21. Qd4 Rxe3 22. Qxe3 Ne5 23. Bb3 c6 24. f4 Ng6 25. Qb6 Nxf4 26. Qxb7
Qg6+ 27. Kf2 Qg2+ 28. Ke3 Re8+ 29. Kxf4 Qf2+ 30. Kg4 h5+ 31. Kxh5 Qf5+ 32.
Kh4 Qf4+ {White resigns} 0-1

[Event "ICC tourney 3289 (30 10)"]
[Site "Internet Chess Club"]
[Date "2023.09.23"]
[Round "2"]
[White "OPASKA, MICHAEL:mopaska1106"]
[Black "Volkov, Sergey:Volkov"]
[Result "0-1"]
[ICCResult "White resigns"]
[WhiteElo "2060"]
[BlackElo "2514"]
[Opening "QGD Slav defense"]
[ECO "D10"]
[NIC "SL.01"]
[Time "14:00:27"]
[PlyCount "88"]
[TimeControl "1800+10"]

1. d4 d5 2. c4 c6 3. Nc3 Nf6 4. e3 a6 5. Nf3 b5 6. cxd5 cxd5 7. Bd3 e6 8.
O-O Bb7 9. Ne5 Bd6 10. f4 O-O 11. Qf3 b4 12. Nb1 Ne4 13. Nd2 f5 14. Qe2 a5
15. Ndf3 Ba6 16. Bd2 Bxd3 17. Qxd3 Bxe5 18. Nxe5 Nd7 19. Nf3 Qb6 20. Rfc1
Rfc8 21. Rc2 Qb7 22. Rac1 h6 23. Be1 Nd6 24. b3 Rxc2 25. Rxc2 Rc8 26. Kf1
Rc6 27. Ke2 Qc8 28. Kd1 Ne4 29. Rxc6 Qxc6 30. Qc2 Qa6 31. Qe2 Qb7 32. Bd2
Qc6 33. Ne1 Kh7 34. Nd3 Qc8 35. Be1 Qe8 36. h3 Qg6 37. g4 Nef6 38. Bh4 fxg4
39. hxg4 Nxg4 40. Bd8 h5 41. Bxa5 h4 42. Bxb4 h3 43. f5 Qxf5 44. Bd6 e5
{White resigns}
0-1

[Event "ICC tourney 3289 (30 10)"]
[Site "Internet Chess Club"]
[Date "2023.09.23"]
[Round "2"]
[White "Yang, Daniel:danielbest"]
[Black "DEMCHENKO, ANTON:Falstaf"]
[Result "1/2-1/2"]
[ICCResult "Game drawn by mutual agreement"]
[WhiteElo "2101"]
[BlackElo "2669"]
[Opening "Old Indian: Ukrainian variation"]
[ECO "A53"]
[NIC "OI.04"]
[Time "14:01:01"]
[PlyCount "116"]
[TimeControl "1800+10"]

1. d4 Nf6 2. c4 d6 3. Nc3 e5 4. dxe5 dxe5 5. Qxd8+ Kxd8 6. Nf3 Nc6 7. Bg5
Be6 8. O-O-O+ Kc8 9. Nd5 Nd7 10. Be3 f6 11. g3 a5 12. Bg2 Nc5 13. Nd2 a4 14.
f4 Bd6 15. Ne4 Nxe4 16. Bxe4 Ra5 17. f5 Bxd5 18. Rxd5 Rxd5 19. Bxd5 a3 20.
Be6+ Kb8 21. c5 axb2+ 22. Kxb2 Be7 23. Rd1 Nd4 24. Bxd4 exd4 25. Rxd4 Bxc5
26. Rg4 g5 27. fxg6 hxg6 28. h4 g5 29. hxg5 fxg5 30. Rxg5 Bd4+ 31. Kb3 Rh2
32. Bc4 c6 33. g4 Rh1 34. Bd3 Rc1 35. a3 Kc7 36. Rf5 b5 37. Rf4 Be5 38. Rf5
Kd6 39. g5 Kd5 40. g6 Rg1 41. a4 bxa4+ 42. Kxa4 Kd4 43. Kb3 c5 44. Kc2 c4
45. e3+ Kd5 46. Bxc4+ Kxc4 47. Rxe5 Rg2+ 48. Kd1 Kd3 49. Ke1 Rxg6 50. Kf2
Rf6+ 51. Kg3 Ke2 52. e4 Ke3 53. Re8 Rf3+ 54. Kg2 Rf2+ 55. Kg1 Rf7 56. e5 Ke4
57. e6 Rg7+ 58. Kf2 Ke5 {Game drawn by mutual agreement} 1/2-1/2

[Event "ICC tourney 3289 (30 10)"]
[Site "Internet Chess Club"]
[Date "2023.09.23"]
[Round "2"]
[White "Meng, Joshua:jmichess"]
[Black "LIANG, YU-CHENG:Yucheng"]
[Result "1-0"]
[ICCResult "Black resigns"]
[WhiteElo "2038"]
[BlackElo "2213"]
[Opening "Caro-Kann: advance variation"]
[ECO "B12"]
[NIC "CK.04"]
[Time "14:00:27"]
[PlyCount "73"]
[TimeControl "1800+10"]

1. e4 c6 2. d4 d5 3. e5 Bf5 4. h4 a6 5. Bd3 Bxd3 6. Qxd3 e6 7. Bg5 Qb6 8.
Nd2 c5 9. c4 cxd4 10. cxd5 Qxb2 11. Rb1 Qxa2 12. d6 Qd5 13. Ngf3 Nd7 14. O-O
f6 15. Qxd4 fxe5 16. Qb4 b5 17. Ne4 a5 18. Qe1 b4 19. Rd1 Qb5 20. Qd2 Ngf6
21. Nxf6+ gxf6 22. Bh6 Rg8 23. Bxf8 Kxf8 24. Rc1 a4 25. Rc7 b3 26. Rfc1 Rd8
27. Qh6+ Rg7 28. Rc8 Qb8 29. Rxb8 Rxb8 30. Qd2 a3 31. Qa5 a2 32. Ra1 b2 33.
Qxa2 bxa1=Q+ 34. Qxa1 Rg4 35. Qa7 Ke8 36. Qa2 Rb6 37. Qxe6+ {Black resigns}
1-0

[Event "ICC tourney 3289 (30 10)"]
[Site "Internet Chess Club"]
[Date "2023.09.23"]
[Round "2"]
[White "ZHAO, DANSON:K01-30127679"]
[Black "Singhvi, Armaan:PawnsRule"]
[Result "1-0"]
[ICCResult "Black resigns"]
[WhiteElo "1636"]
[BlackElo "1949"]
[Opening "Sicilian: Smith-Morra gambit"]
[ECO "B21"]
[NIC "SI.48"]
[Time "14:02:10"]
[PlyCount "137"]
[TimeControl "1800+10"]

1. e4 c5 2. d4 cxd4 3. c3 dxc3 4. Nxc3 Nc6 5. Nf3 g6 6. Bc4 Bg7 7. e5 d6 8.
exd6 Qxd6 9. Qxd6 exd6 10. Nb5 Ke7 11. O-O Be6 12. Re1 Kd7 13. Bxe6+ fxe6
14. Ng5 Nd8 15. Bf4 Nf6 16. Nxd6 Nh5 17. Rad1 Nxf4 18. Nf5+ Kc7 19. Nxg7 Rg8
20. N7xe6+ Ndxe6 21. Nxe6+ Nxe6 22. Rxe6 Rae8 23. Rxe8 Rxe8 24. Kf1 Re5 25.
f3 Ra5 26. a3 Rb5 27. Rd2 Rh5 28. h3 Re5 29. Re2 Rb5 30. b4 Kd7 31. Kf2 Kd6
32. Rd2+ Ke6 33. f4 a5 34. bxa5 Rb3 35. Rc2 Kd7 36. Ra2 Kc6 37. a4 Kc5 38.
Rc2+ Kd6 39. Rd2+ Kc6 40. Re2 Rb4 41. Kg3 Rxa4 42. Re5 Kd6 43. Kg4 h6 44.
Rb5 Kc6 45. Rb6+ Kc7 46. Rxg6 Rxa5 47. Rxh6 Ra4 48. Re6 b5 49. Re1 b4 50.
Kg5 b3 51. Rb1 Rb4 52. f5 Kd7 53. g4 b2 54. f6 Ke8 55. Kg6 Rb6 56. g5 Kf8
57. h4 Kg8 58. h5 Rb5 59. h6 Rb7 60. h7+ Kh8 61. f7 Rb6+ 62. Kh5 Rb8 63.
Rxb2 Rd8 64. Rf2 Rf8 65. g6 Kg7 66. Kg5 Kh8 67. Kh6 Rxf7 68. g7+ Rxg7 69.
Rf8+ {Black resigns} 1-0

[Event "ICC tourney 3289 (30 10)"]
[Site "Internet Chess Club"]
[Date "2023.09.23"]
[Round "3"]
[White "ZHAO, DANSON:K01-30127679"]
[Black "OPASKA, MICHAEL:mopaska1106"]
[Result "0-1"]
[ICCResult "White resigns"]
[WhiteElo "1636"]
[BlackElo "2060"]
[Opening "Caro-Kann: two knights, 3...Bg4"]
[ECO "B10"]
[NIC "CK.01"]
[Time "16:02:02"]
[PlyCount "84"]
[TimeControl "1800+10"]

1. e4 c6 2. Nf3 d5 3. Nc3 Bg4 4. exd5 cxd5 5. d4 Nc6 6. Be3 e6 7. h3 Bh5 8.
g4 Bg6 9. Ne5 Bd6 10. Nxg6 hxg6 11. Bg2 Nf6 12. Qd3 a6 13. a3 Qc7 14. O-O-O
b5 15. Na2 Na5 16. Rhf1 Nc4 17. f4 Rc8 18. c3 Nxg4 19. hxg4 Rh2 20. Rf2 Nxe3
21. Qxe3 Rxg2 22. Kb1 Rxf2 23. Qxf2 Bxf4 24. Qh4 f6 25. Nb4 a5 26. Na6 Qc6
27. Nc5 Kf7 28. Qf2 Bd6 29. Nd3 b4 30. axb4 axb4 31. Rc1 b3 32. Rd1 Qa6 33.
g5 Qa2+ 34. Kc1 Ba3 35. gxf6 Rxc3+ 36. Kd2 Rc2+ 37. Ke3 Rxf2 38. Ne5+ Kxf6
39. Ng4+ Ke7 40. Nxf2 Bxb2 41. Nd3 Bc3 42. Rb1 Qd2+ {White resigns} 0-1

[Event "ICC tourney 3289 (30 10)"]
[Site "Internet Chess Club"]
[Date "2023.09.23"]
[Round "3"]
[White "Singhvi, Armaan:PawnsRule"]
[Black "DENG, MICHAEL:K03-16811908"]
[Result "1-0"]
[ICCResult "Black resigns"]
[WhiteElo "1949"]
[BlackElo "1735"]
[Opening "Sicilian: Pelikan, Chelyabinsk variation"]
[ECO "B33"]
[NIC "SI.37"]
[Time "16:00:25"]
[PlyCount "30"]
[TimeControl "1800+10"]

1. e4 c5 2. Nf3 Nc6 3. d4 cxd4 4. Nxd4 Nf6 5. Nc3 e5 6. Ndb5 d6 7. Bg5 a6 8.
Na3 b5 9. Nd5 Be7 10. Bxf6 Bxf6 11. c4 bxc4 12. Nxc4 Bg5 13. Ndb6 d5 14.
exd5 Rb8 15. Nxc8 Qxc8 {Black resigns} 1-0

[Event "ICC tourney 3289 (30 10)"]
[Site "Internet Chess Club"]
[Date "2023.09.23"]
[Round "3"]
[White "SYED, TAIMOOR:containedplay"]
[Black "Stevens, Adam Benjamin:adambenstevens"]
[Result "0-1"]
[ICCResult "White checkmated"]
[WhiteElo "1540"]
[BlackElo "1904"]
[Opening "Sicilian: Najdorf"]
[ECO "B90"]
[NIC "SI.14"]
[Time "16:00:25"]
[PlyCount "104"]
[TimeControl "1800+10"]

1. e4 c5 2. Nf3 d6 3. d4 cxd4 4. Nxd4 Nf6 5. Nc3 a6 6. Bd3 e5 7. Nf3 Be6 8.
O-O Be7 9. Ng5 Bg4 10. f3 Bh5 11. Be3 Nc6 12. Bc4 b5 13. Be2 h6 14. Nh3 O-O
15. Qd2 Qc7 16. Kh1 Rac8 17. g4 Bg6 18. a3 Na5 19. Nf2 Rfd8 20. Rad1 Nc4 21.
Bxc4 Qxc4 22. Rg1 d5 23. exd5 Bxa3 24. bxa3 Qxc3 25. g5 hxg5 26. d6 Qxc2 27.
Bxg5 Qc6 28. Rg3 e4 29. Bxf6 gxf6 30. Nxe4 Qc2 31. Nxf6+ Kg7 32. Qd4 Qc3 33.
Ne8+ Kf8 34. Qd5 Rxe8 35. d7 Re1+ 36. Rxe1 Qxe1+ 37. Kg2 Rd8 38. Rh3 Qe2+
39. Kg3 Kg7 40. Qd4+ f6 41. f4 Qd3+ 42. Qxd3 Bxd3 43. Kf2 Rxd7 44. Re3 Bc4
45. Re4 Rd2+ 46. Kg3 Rd3+ 47. Kg4 Rxa3 48. Re7+ Kf8 49. Ra7 Be6+ 50. f5 Ra4+
51. Kh5 Bf7+ 52. Kh6 Rh4# {White checkmated} 0-1

[Event "ICC tourney 3289 (30 10)"]
[Site "Internet Chess Club"]
[Date "2023.09.23"]
[Round "3"]
[White "DEMCHENKO, ANTON:Falstaf"]
[Black "Meng, Joshua:jmichess"]
[Result "1-0"]
[ICCResult "Black checkmated"]
[WhiteElo "2669"]
[BlackElo "2038"]
[Opening "Sicilian: Nimzovich-Rossolimo attack (with ...g6, without ...d6)"]
[ECO "B31"]
[NIC "SI.31"]
[Time "16:00:22"]
[PlyCount "75"]
[TimeControl "1800+10"]

1. e4 c5 2. Nf3 Nc6 3. Bb5 g6 4. O-O Bg7 5. d3 e5 6. a3 Nge7 7. b4 b6 8. Bg5
h6 9. Be3 Nd4 10. Bc4 d5 11. Bxd4 cxd4 12. exd5 O-O 13. Re1 Qd6 14. Qe2 Nxd5
15. Bxd5 Qxd5 16. c4 Qd6 17. Nbd2 Bb7 18. Rac1 Rac8 19. Ne4 Bxe4 20. Qxe4 f5
21. Qb7 Rc7 22. Qa6 Qc6 23. Nxe5 Qd6 24. c5 Qf6 25. Qc4+ Kh7 26. c6 Qd6 27.
f4 Rfc8 28. b5 g5 29. a4 gxf4 30. Nf3 Re7 31. Rxe7 Qxe7 32. Re1 Qd6 33. h4
Rc7 34. Re6 Qa3 35. Re8 Kg6 36. Qe6+ Bf6 37. Ne5+ Kg7 38. Qg8#
{Black checkmated}
1-0

[Event "ICC tourney 3289 (30 10)"]
[Site "Internet Chess Club"]
[Date "2023.09.23"]
[Round "3"]
[White "CHINNI, RISHABH:alphachesplayer"]
[Black "IVANOV, ALEXANDER:marble"]
[Result "1/2-1/2"]
[ICCResult "Game drawn by mutual agreement"]
[WhiteElo "2025"]
[BlackElo "2466"]
[Opening "Robatsch defense"]
[ECO "B06"]
[NIC "KF.05"]
[Time "16:00:22"]
[PlyCount "59"]
[TimeControl "1800+10"]

1. e4 g6 2. d4 Bg7 3. Nc3 c6 4. Be3 Qb6 5. Rb1 d6 6. Qd2 Nf6 7. f3 O-O 8.
Bd3 Qc7 9. Nge2 b5 10. O-O e5 11. Nd1 exd4 12. Nxd4 a6 13. c4 c5 14. Ne2
bxc4 15. Bxc4 Nc6 16. Ndc3 Be6 17. Bxe6 fxe6 18. Nf4 Rfe8 19. Rbd1 Rad8 20.
b3 Nd4 21. Nfe2 d5 22. Nxd4 cxd4 23. Bxd4 e5 24. Bf2 dxe4 25. Qe3 Rxd1 26.
Rxd1 exf3 27. gxf3 Qc6 28. Ne4 Nxe4 29. Qxe4 Qxe4 30. fxe4
{Game drawn by mutual agreement}
1/2-1/2